 Dungeon Sprint DCSS version 0.19.5 (webtiles) character file.

238 equalderp2856 the Gouger (level 5, 0/27 HPs)
             Began as a Felid Fighter on Mar 10, 2017.
             Was an Initiate of Gozag.
             Slain by a crimson imp (4 damage)
             ... in the Dungeon (Sprint VII: "The Pits").
             The game lasted 00:03:30 (785 turns).

equalderp2856 the Gouger (Felid Fighter)             Turns: 785, Time: 00:03:32

Health: 0/27       AC:  2    Str: 13    XL:     5   Next: 78%
Magic:  6/6        EV: 25    Int:  9    God:    Gozag
Gold:   864        SH:  0    Dex: 17    Spells: 0 memorised, 4 levels left
                                        Lives:  0   Deaths: 1

rFire  . . .     SeeInvis +       - Unarmed
rCold  . . .     Gourm    .     (armour unavailable)
rNeg   . . .     Faith    .     (shield unavailable)
rPois  .         Spirit   .     (helmet unavailable)
rElec  .         Reflect  .     (cloak unavailable)
rCorr  .         Harm     .     (gloves unavailable)
MR     .....     NoTele   +     (boots unavailable)
Stlth  ++++......               (no amulet)
                                (no ring)
                                (no ring)

@: quick
A: no armour, no weapons or thrown items, stealth, claws 1, fangs 3, see
invisible, carnivore 3, speed 1, shaggy fur 2, slow metabolism 1, sharp paws
a: Potion Petition, Call Merchant, Bribe Branch, Renounce Religion


You were in the Dungeon.
You worshipped Gozag.
Gozag was pleased with you.
You were not hungry.

You visited 1 branch You collected 864 gold pieces.

Inventory:

Scrolls
 h - a scroll of blinking
 j - 3 scrolls of remove curse
 k - 5 scrolls of amnesia
 l - a scroll of summoning
Potions
 a - a potion of might
 c - 4 potions of curing
 d - 2 potions of heal wounds
 e - a potion of haste
 f - 4 potions of magic
 g - 3 potions of berserk rage
 i - 2 potions of invisibility
Comestibles
 b - 8 meat rations


   Skills:
 + Level 6.0 Fighting
 + Level 9.5 Dodging
 + Level 7.0 Stealth
 + Level 11.4 Unarmed Combat


You had 4 spell levels left.
You didn't know any spells.

Dungeon Overview and Level Annotations

Branches:
Dungeon (1/1)

Altars:
Ashenzari
Cheibriados
Dithmenos
Elyvilon
Fedhas
Gozag
Hepliaklqana
Kikubaaqudgha
Makhleb
Nemelex Xobeh
Okawaru
Qazlal
Ru
Sif Muna
Trog
Uskayaw
Vehumet
Xom
Yredelemnul
Zin
The Shining One
Beogh
Jiyva
Lugonu


Innate Abilities, Weirdness & Mutations

You cannot wear armour.
You are incapable of wielding weapons or throwing items.
Your paws allow you to move quietly. (Stealth)
You have sharp claws.
You have razor-sharp teeth.
You have supernaturally acute eyesight. (SInv)
You are carnivorous and can eat meat at any time.
You cover ground quickly.
You are covered in thick fur. (AC +2)
You have a slow metabolism.
Your sharp claws are effective at attacking unaware monsters.


Message History

The crimson imp completely misses you.
You feel better. The hellwing closely misses you.
The hellwing barely misses you. The crimson imp puffs mist at you.
The crimson imp closely misses you.
You feel better. The hellwing completely misses you.
The hellwing closely misses you. The crimson imp barely misses you.
You scratch the hellwing but do no damage.
The hellwing is severely wounded.
The hellwing hits you! The hellwing completely misses you.
The crimson imp completely misses you.
You closely miss the hellwing.
The hellwing is severely wounded.
You barely miss the hellwing.
The hellwing is severely wounded.
The hellwing hits you!
* * * LOW HITPOINT WARNING * * *
The hellwing completely misses you. The crimson imp hits you.
You die...
Your body crumbles into a pile of gold.

#.#........##.......#
#'###########.......#
#.......#..##########
#.###...#.######
#.#.....#.#....#
#.#...#.#'#....#
#.....#.#.'....+
#...###.#'#.4H.#
#..4@5H$'.# ...#
########### ###


You could see a hellwing, a hippogriff and a crimson imp.

Vanquished Creatures
  A hungry ghost (D)
  A necrophage (D)
  A wolf (D)
  A killer bee (D)
  A quasit (D)
  2 iguanas (D)
  An ufetubus (D)
  An ooze (D)
  An adder zombie (D)
  An adder skeleton (D)
  A worm (D)
  A bat (D)
  A bat skeleton (D)
  2 hobgoblins (D)
  5 jackals (D)
  A frilled lizard (D)
  A kobold (D)
  A rat (D)
24 creatures vanquished.

Notes
Turn   | Place    | Note
-------+----------+-------------------------------------------
     0 | D        | equalderp2856 the Felid Fighter began the quest for the Orb.
     0 | D        | Reached XP level 1. HP: 10/10 MP: 2/2
   102 | D        | Reached skill level 5 in Unarmed Combat
   102 | D        | Reached XP level 2. HP: 4/15 MP: 3/3
   282 | D        | Found a radiant altar of Vehumet.
   282 | D        | Found a hide-covered altar of Uskayaw.
   282 | D        | Found an ancient bone altar of Kikubaaqudgha.
   282 | D        | Found a viscous altar of Jiyva.
   282 | D        | Found a hazy altar of Hepliaklqana.
   283 | D        | Found a bloodstained altar of Trog.
   283 | D        | Found a deep blue altar of Sif Muna.
   283 | D        | Found a sacrificial altar of Ru.
   283 | D        | Found a stormy altar of Qazlal.
   283 | D        | Found an iron altar of Okawaru.
   283 | D        | Found a sparkling altar of Nemelex Xobeh.
   283 | D        | Found an opulent altar of Gozag.
   283 | D        | Found a blossoming altar of Fedhas.
   283 | D        | Found a white marble altar of Elyvilon.
   283 | D        | Found a shadowy altar of Dithmenos.
   283 | D        | Found a snail-covered altar of Cheibriados.
   284 | D        | Found a glowing golden altar of the Shining One.
   284 | D        | Found a glowing silver altar of Zin.
   286 | D        | Found a roughly hewn altar of Beogh.
   286 | D        | Found a burning altar of Makhleb.
   286 | D        | Found a basalt altar of Yredelemnul.
   287 | D        | Found a shattered altar of Ashenzari.
   287 | D        | Found a corrupted altar of Lugonu.
   287 | D        | Found a shimmering altar of Xom.
   289 | D        | Became a worshipper of Gozag Ym Sagoz the Greedy
   350 | D        | Reached skill level 5 in Dodging
   350 | D        | Reached skill level 1 in Stealth
   422 | D        | Noticed a wolf
   443 | D        | Reached skill level 6 in Unarmed Combat
   443 | D        | Reached XP level 3. HP: 18/18 MP: 4/4
   464 | D        | Killed a wolf
   464 | D        | Reached skill level 5 in Fighting
   464 | D        | Reached skill level 8 in Unarmed Combat
   464 | D        | Reached XP level 4. HP: 23/23 MP: 5/5
   507 | D        | Reached XP level 5. HP: 23/26 MP: 6/6
   514 | D        | Reached skill level 9 in Unarmed Combat
   522 | D        | Noticed a necrophage
   522 | D        | Noticed a hungry ghost
   534 | D        | Killed a hungry ghost
   534 | D        | Reached skill level 10 in Unarmed Combat
   534 | D        | Gained mutation: You are covered in thick fur. (AC +2) [Felid growth]
   534 | D        | Reached XP level 6. HP: 18/31 MP: 7/7
   543 | D        | Reached skill level 11 in Unarmed Combat
   750 | D        | Noticed a hippogriff
   750 | D        | Noticed a hellwing
   775 | D        | Slain by a hellwing
   776 | D        | Reached XP level 5. HP: 0/27 MP: 6/6
   785 | D        | Slain by a crimson imp

Skill      XL: |  1  2  3  4  5  6 |
---------------+-------------------+-----
Unarmed Combat | 5 6 8 10 11 | 11.4
Fighting       | 4 5 6 |  6.0
Dodging        | 5 7 9 |  9.5
Stealth        | 1 2 3 6 7 |  7.0

Action                   |  1- 3 |  4- 6 || total
-------------------------+-------+-------++-------
Melee: Unarmed           |    53 |    47 ||   100
       Bite              |     6 |     3 ||     9
       Punch             |     1 |     3 ||     4
  Use: Potion            |     1 |     5 ||     6
 Stab: Sleeping          |     1 |     4 ||     5
  Eat: Chunk             |     1 |       ||     1
Armor: Skin              |     3 |     1 ||     4
Dodge: Dodged            |    57 |    52 ||   109
